 Dungeon Crawl Stone Soup version 0.30-a0-165-g1891117ce2 (webtiles) character file.

Game seed: 4963398339348549044

102632 quinnr the Devastator (level 16, -9/108 HPs)
             Began as a Tengu Conjurer on Sept 24, 2022.
             Was a High Priest of Vehumet.
             Engulfed by a cloud of freezing vapour (18 damage)
             ... on level 2 of the Swamp on Sept 28, 2022.
             The game lasted 01:24:19 (31765 turns).

quinnr the Devastator (Tengu Conjurer)             Turns: 31765, Time: 01:24:20

Health: -9/108     AC:  6    Str:  7    XL:     16   Next: 33%
Magic:  17/32      EV: 21    Int: 30    God:    Vehumet [*****.]
Gold:   2471       SH:  5    Dex: 16    Spells: 4/37 levels left

rFire   . . .      SeeInvis +    n - staff of earth {!a}
rCold   . . .      Faith    .    t - +0 buckler
rNeg    . . .      Spirit   .    e - +2 robe {Archmagi}
rPois   .          Reflect  .    (helmet restricted)
rElec   .          Harm     .    k - +1 cloak
rCorr   .          Rampage  .    (no gloves)
Will    +....      Archmagi +    (boots unavailable)
Stlth   +++.......               j - amulet of magic regeneration
HPRegen 0.28/turn                v - ring of see invisible
MPRegen 0.63/turn                I - +6 ring of intelligence

@: flying quickly and evasively, quick
A: beak, talons 3, nimble flight
a: Renounce Religion


You were on level 2 of the Swamp.
You worshipped Vehumet.
Vehumet was extremely pleased with you.
You visited 5 branches of the dungeon, and saw 24 of its levels.
You also visited: Bailey.

You collected 3267 gold pieces.
You spent 796 gold pieces at shops.


Innate Abilities, Weirdness & Mutations

You have a beak for a mouth.
You have claws for feet.
Your magical nature lets you fly swiftly and evasively.


   Skills:
 - Level 15.0 Fighting
 + Level 10.6 Dodging
 - Level 6.0 Stealth
 - Level 4.0 Shields
 - Level 11.0 Spellcasting
 + Level 16.4 Conjurations
 - Level 4.7 Translocations
 + Level 12.1 Earth Magic
 - Level 6.0 Evocations


You had 4 spell levels left.
You knew the following spells:

 Your Spells              Type           Power      Damage    Failure   Level
a - Passwall              Tmut/Erth      72%        N/A       1%          2
d - Orb of Destruction    Conj           53%        9d13      1%          7
l - Lehudib's Crystal Sp  Conj/Erth      62%        10d14     19%         8
m - Magic Dart            Conj           100%       1d8       0%          1
s - Searing Ray           Conj           100%       2d8       0%          2
t - Iron Shot             Conj/Erth      62%        9d12      1%          6
w - Stone Arrow           Conj/Erth      100%       3d13      1%          3
X - Iskenderun's Mystic   Conj/Tloc      88%        2d17      1%          4

Your spell library contained the following spells:

 Spells                   Type           Power      Damage    Failure   Level
 Lightning Bolt           Conj/Air       39%        1d57      1%          5
 Sandblast                Erth           100%       2d20      1%          1
 Shock                    Conj/Air       100%       1d9       1%          1
 Dazzling Flash           Conj/Hex       100%       N/A       1%          3
 Kindle Blastsparks       Fire/Tloc/Air  76%        2d16      1%          3
 Fulminant Prism          Conj/Hex       39%        3d18      1%          4
 Animate Armour           Summ/Erth      100%       N/A       3%          4
 Beastly Appendage        Tmut           48%        N/A       4%          1
 Sting                    Tmut/Pois      96%        1d7       4%          1
 Summon Small Mammal      Summ           96%        N/A       4%          1
 Ensorcelled Hibernation  Hex/Ice        48%        N/A       6%          2
 Wereblood                Tmut           24%        N/A       6%          2
 Airstrike                Air            12%        2d(2-18)  11%         4
 Call Canine Familiar     Summ           24%        N/A       12%         3
 Ozocubu's Armour         Ice            24%        N/A       12%         3
 Summon Guardian Golem    Hex/Summ       24%        N/A       12%         3
 Swiftness                Air            24%        N/A       12%         3
 Anguish                  Hex/Necr       12%        N/A       36%         4
 Animate Dead             Necr           24%        N/A       36%         4
 Arcjolt                  Conj/Air       39%        1d49      1%          5
 Iskenderun's Battlesphe  Conj           100%       2d15      1%          5
 Lee's Rapid Deconstruct  Erth           58%        3d28*     1%          5
 Borgnjor's Vile Clutch   Necr/Erth      43%        N/A       9%          5
 Spellforged Servitor     Conj/Summ      39%        N/A       28%         7
 Statue Form              Tmut/Erth      58%        N/A       45%         6
 Alistair's Intoxication  Tmut/Pois      16%        N/A       73%         5
 Eringya's Noxious Bog    Tmut/Pois      12%        N/A       80%         6
 Ozocubu's Refrigeration  Ice            12%        4d10      99%         7
 Dragon Form              Tmut           12%        N/A       100%        7
 Enfeeble                 Hex            12%        N/A       100%        7
 Haunt                    Necr/Summ      12%        N/A       100%        7
 Infestation              Necr           12%        N/A       100%        8

Inventory:

Hand Weapons
 U - the +1 dagger of Xionk {pain, rPois MP+9 Str-5}
   (You found it on level 9 of the Dungeon)

   In the hands of one skilled in necromantic magic, it inflicts extra damage on
   living creatures.
   Str:       It affects your strength (-5).
   rPois:     It protects you from poison.
   MP:        It affects your magic capacity (+9).
Missiles
 A - 8 throwing nets {=f}
Armour
 e - a +2 robe of the Archmagi (worn)
 k - a +1 cloak (worn)
 t - a +0 buckler (worn)
 H - a +0 robe of cold resistance
 N - a +2 robe of positive energy
Magical Staves
 n - a staff of earth (weapon) {!a}
 J - a staff of air {!a}
 Y - a staff of fire {!a}
Jewellery
 j - an amulet of magic regeneration (around neck)
 v - a ring of see invisible (left hand)
 x - the amulet of Elemental Vulnerability {rPois rF-- rC-- AC+8}
   (You found it on level 3 of the Dungeon)

   [amulet of nothing]

   AC:        It affects your AC (+8).
   rF:        It makes you very vulnerable to fire.
   rC:        It makes you very vulnerable to cold.
   rPois:     It protects you from poison.
 E - an amulet of the acrobat
 I - a +6 ring of intelligence (right hand)
 R - a ring of resist corrosion
Wands
 y - a wand of flame (8)
 B - a wand of paralysis (4)
 C - a wand of acid (11)
 O - a wand of roots (19)
 S - a wand of polymorph (8)
 Z - a wand of mindburst (25)
Scrolls
 d - 4 scrolls of blinking
 f - 7 scrolls of vulnerability
 l - 4 scrolls of fear
 m - 3 scrolls of enchant armour
 o - 17 scrolls of enchant weapon
 p - 6 scrolls of magic mapping
 r - 13 scrolls of teleportation {@r2}
 u - 4 scrolls of amnesia
 w - 4 scrolls of butterflies
 K - 3 scrolls of torment
 M - 4 scrolls of immolation
 Q - a scroll of poison
 V - 6 scrolls of summoning
 W - a scroll of brand weapon
Potions
 b - 3 potions of magic
 c - 11 potions of curing {@q1}
 g - 4 potions of berserk rage {!q}
 h - 5 potions of haste {@q3}
 q - 2 potions of attraction
 s - a potion of ambrosia
 z - 10 potions of heal wounds {@q2}
 D - 6 potions of brilliance
 F - 6 potions of cancellation
 G - 6 potions of mutation
 L - 7 potions of lignification
 P - 5 potions of resistance
 T - 5 potions of might
 X - a potion of invisibility
Miscellaneous
 a - a tin of tremorstones (2/2)
 i - a phial of floods (inert)

Dungeon Overview and Level Annotations

Branches:
Dungeon (14/15)            Temple (1/1) D:6            Lair (5/5) D:9
  Swamp (2/4) Lair:3       Spider (0/4) Lair:3        Slime (0/5) Lair:4
    Orc (2/2) D:10            Elf (0/3) Orc:2        Vaults (0/5) D:14
 Bailey (visited)

Altars:
Ashenzari
Cheibriados
Dithmenos
Elyvilon
Fedhas
Gozag
Hepliaklqana
Kikubaaqudgha
Makhleb
Nemelex Xobeh
Qazlal
Ru
Sif Muna
Trog
Uskayaw
Vehumet
Xom
Yredelemnul
Zin
The Shining One
Jiyva

Shops:
D:11 (   Orc:2 !(:=

♣$..°. ♣.....♣ .≈..!♣♣
$..≈DD. ♣.~.~~♣ ..♣≈≈...
.~..†○♣♣.....♣♣♣♣.......♣
.°♣~.♣~..♣♣♣~.♣[[..♣ ♣♣♣
♣~♣.....§♣~.♣†♣ ...♣♣
♣.....§.~.~..~♣
♣>..♣♣♣♣.......~†.~♣♣
♣~~.♣♣.~....~...~.♣♣♣
♣~~~~♣♣§.....§.?@...♣♣
♣...~...~.~~..~.~~..♣
♣..~~....~..~....♣.♣♣
♣..♣♣......~~).~♣♣♣♣
♣..♣~....~....~♣♣
♣~.♣♣.♣♣~.......♣
♣♣.~.♣♣♣♣...♣♣♣..♣
♣.~~.♣♣ ♣♣~.♣♣§.§.♣
♣♣..~§♣♣♣~.§~♣...~~♣


There were no monsters in sight!


Message History

Casting: Magic Dart (safe; 0% risk of failure)
Confirm with . or Enter, or press ? or * to list all spells.
Aiming: Iron Shot (mildly dangerous; 1% risk of failure)
Press: ? - help, Shift-Dir - straight line, f/p - ice dragon
Aim: an ice dragon (lightly wounded, 86% to hit)
You feel a strong surge of power!
The iron shot hits the ice dragon!!
The ice dragon is heavily wounded.
The ice dragon breathes frost at you. The blast of cold hits you!!!
* * * LOW HITPOINT WARNING * * *
You hear a deafening roar!
Casting: Iron Shot (mildly dangerous; 1% risk of failure)
Confirm with . or Enter, or press ? or * to list all spells.
Aiming: Iron Shot (mildly dangerous; 1% risk of failure)
Press: ? - help, Shift-Dir - straight line, f/p - ice dragon
Aim: an ice dragon (heavily wounded, catching its breath, 86% to hit)
You feel a strong surge of power!
The iron shot hits the ice dragon!!!
The ice dragon is almost dead.
You are engulfed in freezing vapours.
* * * LOW HITPOINT WARNING * * *
Casting: Iron Shot (mildly dangerous; 1% risk of failure)
Confirm with . or Enter, or press ? or * to list all spells.
Aiming: Iron Shot (mildly dangerous; 1% risk of failure)
Press: ? - help, Shift-Dir - straight line, f/p - ice dragon
Aim: an ice dragon (almost dead, catching its breath, 86% to hit)
You feel a strong surge of power!
The iron shot hits the ice dragon!!!
You kill the ice dragon!
Vehumet accepts your kill.
You feel your power returning.
You are engulfed in freezing vapours.
You die...

Skill      XL: |  1  2  3  4  5  6  7  8  9 10 11 12 13 14 15 16 |
---------------+-------------------------------------------------+-----
Fighting       | 1 2 6 9 11 14 15 | 15.0
Dodging        | 3 5 8 10 | 10.6
Spellcasting   | 3 4 5 6 7 8 11 | 11.0
Conjurations   | 6 8 10 11 12 14 15 16 | 16.4
Evocations     | 1 2 5 6 |  6.0
Earth Magic    | 4 6 7 9 11 12 | 12.1
Translocations | 2 3 4 |  4.7
Stealth        | 6 |  6.0
Shields        | 4 |  4.0

Action                   |  1- 3 |  4- 6 |  7- 9 | 10-12 | 13-15 | 16-18 || total
-------------------------+-------+-------+-------+-------+-------+-------++-------
Melee: Dagger            |       |     1 |       |     8 |     6 |       ||    15
       Quarterstaff      |       |       |     2 |       |       |       ||     2
       Staff             |       |       |     7 |       |       |       ||     7
       Kick              |       |       |     3 |     5 |     3 |       ||    11
       Peck              |       |       |     1 |     2 |     1 |       ||     4
 Cast: Magic Dart        |    61 |    67 |   110 |   181 |   174 |    39 ||   632
       Searing Ray       |     1 |    11 |    27 |    10 |     8 |       ||    57
       Stone Arrow       |       |       |    59 |   265 |    43 |       ||   367
       Iskenderun's Myst |       |       |       |    17 |     9 |     4 ||    30
       Iron Shot         |       |       |       |       |   384 |    54 ||   438
Evoke: Wand              |       |       |     2 |     2 |    23 |       ||    27
       Phial of floods   |       |       |       |       |     1 |     1 ||     2
  Use: Scroll            |       |       |       |    22 |     8 |       ||    30
       Potion            |       |       |       |       |     4 |       ||     4
Armor: Robe              |     1 |     3 |    23 |    14 |    13 |     1 ||    55
Dodge: Dodged            |     7 |    15 |    99 |   166 |   123 |     5 ||   415
Block: Buckler           |       |       |       |       |     5 |     2 ||     7

Levels and vault maps discovered:
D:1:      wander_arrival_desolate, layout_rooms, minmay_lizard_pond
D:2:      layout_basic, minmay_indecisive_spiral, uniq_crazy_yiuf_cottage
D:3:      kb_forest_paths, layout_basic, nicolae_gozag_seed_capital,
          tso_oasis_becter, kennysheep_minor_cross
D:4:      layout_loops_corners, tgw_xom, lemuel_tele_altar, uniq_blork_the_orc
D:5:      layout_rooms, uniq_pikel, uniq_grinder
D:6:      layout_rooms, kiku_gazebo_garden_becter, minitemple,
          minmay_temple_entry_purple_smoke, roderic_roman_lattice,
          kennysheep_generic_room_13
D:7:      layout_rooms, mainiacjoe_overflow_alcove_1, trog_antimagical,
          minmay_manual_monstrance
D:8:      layout_gridville, kennysheep_little_box, hangedman_glass_teeth
D:9:      layout_loops_ring, erik_lair_dragon, enter_bailey_5, uniq_erolcha
D:10:     layout_basic, zombieorc2_lemuel, disabler_island, uniq_joseph,
          uniq_erica
D:11:     layout_roguey, serial_shops, shop_statue, uniq_harold, uniq_psyche,
          uniq_maurice
D:12:     layout_loops_ring, hangedman_misty_isle, uniq_frances
D:13:     layout_basic, fountainhead, dancing_weapons_uskayaw
D:14:     layout_roguey, david_vaults_4, chequers_serial_rivers_large_a,
          nicolae_dithmenos_shadow_blocks
Temple:   nicolae_temple_bog_church
Lair:1:   layout_misc_corridors, lemuel_old_faithful, grunt_megastairs_4,
          infiniplex_staircase_pool, serial_bayou_shore_a, lemuel_fruit_tree
Lair:2:   layout_small_grid, minmay_holes
Lair:3:   layout_hall_layers, minmay_swamp_entry_worms,
          spider_nest_entry_funnel_web, beast_lair_carwin_5, uniq_snorg,
          uniq_nessos
Lair:4:   dpeg_oklob_gauntlet, layout_regular_city, dpeg_slime_entry_enclosed
Lair:5:   gammafunk_lair_ancient_temple, layout_hall_layers,
          gammafunk_ghost_necromancy
Swamp:1:  layout_basic_swamp, lemuel_altar_in_water, uniq_roxanne
Swamp:2:  layout_falls_marsh, serial_swamp_ruin, evilmike_swamp_ruin_house_1,
          evilmike_swamp_ruin_house_5, hangedman_swamp_double_dragon
Orc:1:    layout_caves, gammafunk_ghost_grave, led_sif_book
Orc:2:    kennysheep_orc_mage_school, layout_caves, nicolae_orc_flooded_monolith

Notes
Turn   | Place    | Note
-------+----------+-------------------------------------------
     0 | D:1      | quinnr the Tengu Conjurer began the quest for the Orb.
     0 | D:1      | Reached XP level 1. HP: 10/10 MP: 4/4
     0 | D:1      | Upgraded the game from 0.30-a0-140-gd1020e658a to
                  | 0.30-a0-165-g1891117ce2
   227 | D:1      | Reached XP level 2. HP: 16/16 MP: 4/6
   345 | D:1      | Reached skill level 1 in Fighting
   562 | D:1      | Reached XP level 3. HP: 20/20 MP: 4/7
   614 | D:1      | Reached skill level 3 in Dodging
  1079 | D:2      | Reached skill level 3 in Spellcasting
  1159 | D:2      | Learned a level 2 spell: Searing Ray
  1242 | D:2      | Reached XP level 4. HP: 25/25 MP: 5/9
  1420 | D:2      | Found a runed translucent door.
  1421 | D:2      | Noticed Crazy Yiuf
  1966 | D:2      | Killed Crazy Yiuf
  1967 | D:2      | Reached skill level 6 in Conjurations
  2107 | D:3      | Found an opulent altar of Gozag.
  2276 | D:3      | Gained mutation: Your magical nature lets you fly swiftly
                  | and evasively. [Tengu growth]
  2276 | D:3      | Reached XP level 5. HP: 29/29 MP: 8/10
  2336 | D:3      | Reached skill level 7 in Conjurations
  2683 | D:3      | Noticed a black bear
  2691 | D:3      | Killed a black bear
  2692 | D:3      | Reached skill level 8 in Conjurations
  2692 | D:3      | Reached skill level 1 in Evocations
  2692 | D:3      | Reached XP level 6. HP: 34/34 MP: 4/12
  2833 | D:3      | Found the amulet of Elemental Vulnerability {rPois rF--
                  | rC-- AC+8}
  3225 | D:3      | Found a glowing golden altar of the Shining One.
  3277 | D:3      | Reached skill level 2 in Evocations
  3652 | D:4      | Reached skill level 4 in Spellcasting
  3740 | D:4      | Reached XP level 7. HP: 38/38 MP: 9/14
  4205 | D:4      | Reached skill level 2 in Fighting
  4291 | D:4      | Found a white marble altar of Elyvilon.
  4566 | D:4      | Found a shimmering altar of Xom.
  4590 | D:4      | Reached skill level 9 in Conjurations
  4681 | D:4      | Noticed Blork the orc
  4695 | D:4      | Killed Blork the orc
  4955 | D:5      | Entered Level 5 of the Dungeon
  5353 | D:5      | Noticed Pikel
  5515 | D:5      | Noticed Grinder
  5536 | D:5      | Paralysed by Grinder for 3 turns
  5543 | D:5      | Killed Grinder
  5544 | D:5      | Reached skill level 10 in Conjurations
  5544 | D:5      | Reached XP level 8. HP: 30/44 MP: 6/15
  5549 | D:5      | Learned a level 4 spell: Iskenderun's Mystic Blast
  5679 | D:5      | Learned a level 3 spell: Stone Arrow
  5725 | D:5      | Reached skill level 11 in Conjurations
  5796 | D:5      | Reached skill level 1 in Earth Magic
  6181 | D:5      | Killed Pikel
  6182 | D:5      | Reached skill level 4 in Earth Magic
  6530 | D:6      | Reached XP level 9. HP: 48/48 MP: 11/16
  6573 | D:6      | Found a burning altar of Makhleb.
  6577 | D:6      | Found a shimmering blue altar of Sif Muna.
  6587 | D:6      | Found a glowing silver altar of Zin.
  6588 | D:6      | Found a snail-covered altar of Cheibriados.
  6589 | D:6      | Found a radiant altar of Vehumet.
  6590 | D:6      | Found a stormy altar of Qazlal.
  6605 | D:6      | Became a worshipper of Vehumet
  6608 | D:6      | Found a shadowy altar of Dithmenos.
  6836 | D:6      | Found a staircase to the Ecumenical Temple.
  6877 | Temple   | Entered the Ecumenical Temple
  7017 | D:6      | Reached skill level 5 in Spellcasting
  7096 | D:6      | Found an ancient bone altar of Kikubaaqudgha.
  7254 | D:6      | Reached skill level 12 in Conjurations
  7327 | D:7      | Reached skill level 3 in Fighting
  7364 | D:6      | Reached skill level 4 in Dodging
  7503 | D:7      | Reached skill level 4 in Fighting
  7503 | D:7      | Reached skill level 5 in Dodging
  7656 | D:7      | Reached * piety under Vehumet
  7656 | D:7      | Offered knowledge of Shock by Vehumet.
  7663 | D:7      | Found a broken altar of Ashenzari.
  7871 | D:7      | Reached skill level 5 in Fighting
  8058 | D:7      | Reached skill level 6 in Fighting
  8061 | D:7      | Reached XP level 10. HP: 61/61 MP: 5/18
  8066 | D:7      | Reached skill level 7 in Fighting
  8094 | D:7      | Found a bloodstained altar of Trog.
  8305 | D:8      | Noticed a two-headed ogre
  8320 | D:8      | Killed a two-headed ogre
  8321 | D:8      | Reached skill level 8 in Fighting
  8321 | D:8      | Reached skill level 1 in Translocations
  8445 | D:8      | Found a sacrificial altar of Ru.
  8668 | D:9      | Noticed Erolcha
  8672 | D:9      | Killed Erolcha
  8701 | D:9      | Identified the +1 dagger of Xionk {pain, rPois MP+9 Str-5}
  8772 | D:9      | Noticed a kobold demonologist
  8774 | D:9      | Killed a kobold demonologist
  8775 | D:9      | Reached skill level 9 in Fighting
  8775 | D:9      | Reached skill level 2 in Translocations
  8841 | D:9      | Found a flagged portal.
  8872 | Bailey   | Entered a bailey
  8939 | Bailey   | Reached ** piety under Vehumet
  8939 | Bailey   | Offered knowledge of Sandblast by Vehumet.
  9481 | Bailey   | Noticed an orc knight
  9594 | Bailey   | Killed an orc knight
  9595 | Bailey   | Reached skill level 6 in Spellcasting
  9595 | Bailey   | Reached XP level 11. HP: 72/72 MP: 7/21
  9803 | D:9      | Reached skill level 3 in Translocations
  9803 | D:9      | Reached skill level 5 in Earth Magic
 10078 | D:9      | Reached skill level 13 in Conjurations
 10138 | D:9      | Reached skill level 10 in Fighting
 10214 | D:9      | Offered knowledge of Momentum Strike by Vehumet.
 10277 | D:9      | Found a staircase to the Lair.
 10514 | D:10     | Entered Level 10 of the Dungeon
 10546 | D:10     | Noticed Joseph
 10801 | D:10     | Noticed an orange crystal statue
 10851 | D:10     | Identified a +1 robe of the Archmagi
 10851 | D:10     | Noticed Erica
 10855 | D:10     | Killed Erica
 11042 | Lair:1   | Entered Level 1 of the Lair of Beasts
 11243 | Lair:1   | Reached *** piety under Vehumet
 11340 | Lair:1   | Reached skill level 11 in Fighting
 11340 | Lair:1   | Reached skill level 7 in Spellcasting
 11640 | Lair:1   | Identified 2 potions of resistance
 11867 | Lair:1   | Reached skill level 14 in Conjurations
 11867 | Lair:1   | Reached skill level 6 in Earth Magic
 12600 | Lair:2   | Reached XP level 12. HP: 71/80 MP: 11/24
 12688 | Lair:2   | Offered knowledge of Hailstorm by Vehumet.
 13236 | Lair:2   | Reached skill level 8 in Spellcasting
 13576 | Lair:3   | Noticed a death yak
 13578 | Lair:3   | Noticed a death yak
 13582 | Lair:3   | Noticed a death yak
 13593 | Lair:2   | Killed a death yak
 13594 | Lair:2   | Reached skill level 3 in Stealth
 13661 | Lair:2   | Killed a death yak
 13666 | Lair:2   | Killed a death yak
 13667 | Lair:2   | Reached skill level 15 in Conjurations
 13667 | Lair:2   | Reached skill level 7 in Earth Magic
 13705 | Lair:3   | Reached skill level 4 in Stealth
 13737 | Lair:3   | Noticed Snorg
 13759 | Lair:3   | Killed Snorg
 13760 | Lair:3   | Reached skill level 5 in Stealth
 14086 | Lair:3   | Reached skill level 6 in Stealth
 14298 | Lair:3   | Reached skill level 4 in Translocations
 14337 | Lair:3   | Reached **** piety under Vehumet
 14431 | Lair:3   | Found a hole to the Spider Nest.
 14516 | Lair:3   | Noticed Nessos
 14603 | Lair:3   | Reached skill level 6 in Dodging
 14648 | Lair:3   | Found a staircase to the Swamp.
 14651 | Lair:3   | Offered knowledge of Fireball by Vehumet.
 14984 | Lair:4   | Reached skill level 7 in Dodging
 15160 | Lair:4   | Reached skill level 8 in Dodging
 15235 | Lair:3   | Learned a level 6 spell: Iron Shot
 15244 | Lair:3   | Learned a level 8 spell: Lehudib's Crystal Spear
 15399 | Lair:3   | Reached XP level 13. HP: 76/84 MP: 19/26
 15911 | Lair:4   | Identified a scroll of acquirement
 15925 | Lair:4   | Acquired 1107 gold pieces
 15960 | Lair:4   | Reached skill level 9 in Dodging
 16306 | Lair:4   | You are sucked into a shaft and drop 1 floor!
 16306 | Lair:5   | Entered Level 5 of the Lair of Beasts
 16708 | Lair:5   | Noticed a dire elephant
 16715 | Lair:5   | Killed a dire elephant
 16873 | Lair:5   | Reached skill level 10 in Dodging
 16904 | Lair:5   | Reached skill level 12 in Fighting
 17199 | Lair:5   | Reached skill level 13 in Fighting
 17468 | Lair:5   | Identified the +8 chain mail "Viarana" {Harm rPois Str+2
                  | Dex+2}
 17489 | Lair:5   | Reached skill level 14 in Fighting
 17635 | Lair:5   | Reached ***** piety under Vehumet
 17635 | Lair:5   | Offered knowledge of Conjure Ball Lightning by Vehumet.
 17741 | Lair:5   | Found a runed translucent gate.
 17741 | Lair:5   | Found a runed translucent gate.
 17741 | Lair:5   | Found a runed translucent gate.
 17850 | Lair:5   | Reached XP level 14. HP: 28/96 MP: 5/27
 17855 | Lair:5   | HP: 9/96 [poisoned by a cane toad]
 17970 | Lair:5   | Reached skill level 9 in Spellcasting
 18343 | Lair:5   | Reached skill level 10 in Spellcasting
 18608 | Lair:4   | Found a viscous altar of Jiyva.
 18609 | Lair:4   | Found a staircase to the Slime Pits.
 19299 | Lair:5   | Noticed Lance11888's ghost (journeyman NaEE)
 19360 | Lair:5   | Reached skill level 11 in Spellcasting
 19444 | Lair:5   | Killed Lance11888's ghost
 19445 | Lair:5   | Reached skill level 3 in Evocations
 19600 | Lair:3   | Killed Nessos
 20080 | D:10     | Killed Joseph
 20356 | D:9      | Reached skill level 8 in Earth Magic
 20356 | D:9      | Reached skill level 4 in Evocations
 20919 | D:10     | Offered knowledge of Yara's Violent Unravelling by Vehumet.
 20922 | D:10     | Found a staircase to the Orcish Mines.
 21634 | D:11     | Noticed Maurice
 21635 | D:11     | Killed Maurice
 21750 | D:11     | Noticed Psyche
 21755 | D:11     | Killed Psyche
 21814 | D:11     | Found Vebomov's Weapon Shoppe.
 22079 | D:11     | Noticed Harold
 22330 | D:11     | Killed Harold
 22620 | D:11     | Reached skill level 5 in Evocations
 23012 | D:11     | Found Vebomov's Weapon Shoppe.
 23190 | D:12     | Reached skill level 9 in Earth Magic
 23258 | D:12     | Reached XP level 15. HP: 101/101 MP: 20/31
 23710 | D:12     | Reached skill level 6 in Evocations
 23800 | D:12     | Noticed Frances
 24123 | D:12     | Killed Frances
 24124 | D:12     | Reached skill level 1 in Shields
 24449 | D:13     | Reached skill level 2 in Shields
 24716 | D:13     | Found a hide-covered altar of Uskayaw.
 24718 | D:13     | You are sucked into a shaft and drop 1 floor!
 24766 | D:13     | Reached skill level 3 in Shields
 25369 | D:13     | Reached skill level 4 in Shields
 25758 | D:14     | Reached skill level 10 in Earth Magic
 25846 | D:14     | Offered knowledge of Orb of Destruction by Vehumet.
 26451 | D:14     | Found a shadowy altar of Dithmenos.
 26515 | D:14     | Reached skill level 11 in Earth Magic
 26829 | D:14     | Found a gate to the Vaults.
 26838 | D:14     | Learned a level 7 spell: Orb of Destruction
 26969 | Orc:1    | Entered Level 1 of the Orcish Mines
 26969 | Orc:1    | Noticed glaedl's ghost (novice TrHW)
 26969 | Orc:1    | Found a runed translucent door.
 27656 | Orc:1    | Found a shimmering blue altar of Sif Muna.
 27908 | Orc:1    | Got Sif Muna's Secrets of Impurities
 27927 | Orc:2    | Entered Level 2 of the Orcish Mines
 28155 | Orc:2    | Found a staircase to the Elven Halls.
 28611 | Orc:2    | Found Buomidey's Distillery.
 28640 | Orc:2    | Found an ancient bone altar of Kikubaaqudgha.
 28641 | Orc:2    | Noticed Nergalle
 28653 | Orc:2    | Killed Nergalle
 28742 | Orc:2    | Found Fuwn's Antique Weapon Boutique.
 28746 | Orc:2    | Paralysed by an orc sorcerer for 2 turns
 28823 | Orc:2    | Reached XP level 16. HP: 107/107 MP: 23/32
 28843 | Orc:2    | Found a radiant altar of Vehumet.
 28859 | Orc:2    | Found Hohom's Book Boutique.
 28887 | Orc:2    | Found Daulam's Jewellery Shop.
 29242 | Orc:2    | Bought a book of Geomancy for 252 gold pieces
 29245 | Orc:2    | Learned a level 2 spell: Passwall
 29336 | Orc:1    | Killed glaedl's ghost
 29581 | Orc:2    | Bought 2 potions of magic for 256 gold pieces
 29581 | Orc:2    | Bought a potion of mutation for 128 gold pieces
 29581 | Orc:2    | Bought a potion of resistance for 160 gold pieces
 29860 | Swamp:1  | Entered Level 1 of the Swamp
 29871 | Swamp:1  | Reached skill level 16 in Conjurations
 30090 | Swamp:1  | Offered knowledge of Lightning Bolt by Vehumet.
 30256 | Swamp:1  | Reached skill level 12 in Earth Magic
 30362 | Swamp:1  | Found a bloodstained altar of Trog.
 30427 | Swamp:1  | Identified Roxanne's Directory of Reformation
 30427 | Swamp:1  | Noticed Roxanne
 30607 | Swamp:1  | Killed Roxanne
 31702 | Swamp:2  | Reached skill level 15 in Fighting
 31764 | Swamp:2  | HP: 9/108 [ice dragon] (13)]
 31765 | Swamp:2  | Engulfed by a cloud of freezing vapour

Vanquished Creatures
  Frances (D:12)
  Roxanne (Swamp:1)
  Nessos (Lair:3)
  The ghost of Lance11888 the Gelid, a journeyman NaEE of Ru (Lair:5)
  A dire elephant (Lair:5)
  2 bunyips (Swamp:1)
  Snorg (Lair:3)
  An ettin (D:14)
  7 hydras
  An ice dragon (Swamp:2)
  A vault guard (D:14)
  Erolcha (D:9)
  Harold (D:11)
  A ghost crab (Swamp:1)
  Erica (D:10)
  A catoblepas (Lair:5)
  2 centaur warriors (D:13)
  A merfolk avatar (Lair:5)
  3 ogre magi (Orc:2)
  The ghost of glaedl the Cutter, a novice TrHW of Jiyva (Orc:1)
  3 alligators
  A boulder beetle (D:11)
  9 death yaks
  7 two-headed ogres
  3 tengu warriors
  Nergalle (Orc:2)
  A goliath frog (Swamp:1)
  A fire crab (shapeshifter) (D:13)
  14 skeletal warriors
  4 bog bodies
  A sea snake (Lair:5)
  An orange crystal statue (D:10)
  Pikel (D:5)
  An orc knight (Bailey)
  A spectral hydra (Lair:5)
  4 swamp dragons (Swamp:2)
  4 oklob plants (Lair:4)
  A lindwurm (D:14)
  4 manticores
  2 deep elf pyromancers
  15 elephants
  5 cyclopes
  6 orc sorcerers (Orc:2)
  5 ugly things
  A black mamba (Lair:2)
  Joseph (D:10)
  A torpor snail (Lair:5)
  16 cane toads
  6 rime drakes
  Maurice (D:11)
  3 gargoyles
  Psyche (D:11)
  3 kobold demonologists
  An efreet (D:14)
  12 komodo dragons
  4 polar bears (Lair:5)
  4 trolls
  4 tyrant leeches
  A bloated husk (Swamp:2)
  2 hornets (Lair:5)
  3 slime creatures (D:13)
  Grinder (D:5)
  A spectral black mamba (Lair:5)
  A blink frog (Lair:5)
  7 dream sheep (Lair:4)
  4 shadows (D:10)
  45 yaks
  2 jumping spiders (Lair:3)
  6 wyverns
  4 vampire mosquitoes (D:12)
  4 basilisks
  6 steam dragons
  2 redbacks (Lair:3)
  A death yak simulacrum (Lair:5)
  2 acid dragons
  13 swamp worms
  12 water moccasins
  20 orc warriors
  5 sky beasts
  A black bear (D:3)
  A boulder beetle simulacrum (Lair:5)
  2 ogres
  6 wolves
  9 centaurs
  4 boggarts (D:14)
  3 lemures (D:5)
  2 kobold brigands
  A phantom (D:6)
  Blork the orc (D:4)
  A necrophage (D:5)
  7 bullfrogs
  5 scorpions
  8 wights
  A dream sheep simulacrum (Lair:5)
  2 troll zombies (D:10)
  17 killer bees
  2 electric eels (Lair:1)
  4 howler monkeys
  2 lava snakes (D:10)
  A komodo dragon simulacrum (Lair:5)
  2 jellies
  11 orc priests
  3 hounds
  Crazy Yiuf (D:2)
  35 orc wizards
  6 ogre zombies (D:10)
  10 gnolls
  11 adders
  3 white imps
  An ufetubus (D:6)
  2 worms
  3 dart slugs
  76 orcs
  5 ball pythons
  8 endoplasms
  4 giant cockroaches
  14 goblins
  4 hobgoblins
  6 jackals
  3 quokkas
  8 bats
  9 frilled lizards
  A goblin skeleton (D:10)
  A goblin zombie (D:10)
  2 hobgoblin skeletons (D:10)
  5 hobgoblin zombies (D:10)
  11 kobolds
  2 orc skeletons (D:10)
  14 orc zombies (D:10)
  6 rats
672 creatures vanquished.

Vanquished Creatures (others)
  An orc wizard (Orc:2)
  A bush (Lair:5)
  18 fungi
  41 plants
  12 withered plants (D:6)
73 creatures vanquished.

Grand Total: 745 creatures vanquished

Table legend: (Time is in decaauts)
 A = Elapsed time spent in this place.
 B = Non-inter-level travel time spent in this place.
 C = Inter-level travel time spent in this place.
 D = Time resting spent in this place.
 E = Time spent auto-exploring this place.
 F = Levels seen in this place.
 G = Mean time per level.
                   A        B        C        D        E       F      G
               +--------+--------+--------+--------+--------+-----+--------+
         Total |  30235 |  28212 |   2023 |   4484 |  19134 |  25 | 1209.4 |
       Dungeon |  17409 |  16215 |   1194 |   2215 |  11586 |  14 | 1243.5 |
        Temple |     63 |     47 |     16 |      0 |     45 |   1 |   63.0 |
          Lair |   8319 |   7784 |    535 |   1144 |   5195 |   5 | 1663.8 |
         Swamp |   1741 |   1652 |     89 |    521 |    921 |   2 |  870.5 |
  Orcish Mines |   1950 |   1762 |    188 |    446 |    981 |   2 |  975.0 |
        Bailey |    749 |    749 |      0 |    156 |    403 |   1 |  749.0 |
               +--------+--------+--------+--------+--------+-----+--------+

Top non-repeatable levels by time:
  Lair:5: 2653 daAuts
    D:10: 2243 daAuts
  Lair:3: 2162 daAuts
     D:9: 1737 daAuts
     D:4: 1581 daAuts
    D:11: 1492 daAuts
    D:12: 1405 daAuts
     D:3: 1352 daAuts
     D:2: 1330 daAuts
  Lair:1: 1239 daAuts
  Lair:4: 1168 daAuts
     D:5: 1151 daAuts
    D:13: 1147 daAuts
    D:14: 1139 daAuts
   Orc:2: 1110 daAuts

Table legend:
 A = Non-vault XP
 B = Vault XP
 C = Vault XP percentage of total XP
 D = Non-vault monster count
 E = Vault monster count
 F = Vault count percentage of total count
                 A         B        C        D         E       F
            +---------+---------+-------+---------+---------+-------
      Total |   96447 |   51049 |  34.6 |     445 |     224 |  33.5
            +---------+---------+-------+---------+---------+-------
        D:1 |      36 |       4 |  10.0 |      19 |       4 |  17.4
        D:2 |      54 |      48 |  47.1 |      17 |       5 |  22.7
        D:3 |     310 |      45 |  12.7 |      27 |       6 |  18.2
        D:4 |     287 |     192 |  40.1 |      23 |       7 |  23.3
        D:5 |     329 |     935 |  74.0 |       9 |       2 |  18.2
        D:6 |    1044 |       0 |   0.0 |      25 |       0 |   0.0
        D:7 |     746 |     774 |  50.9 |      13 |       8 |  38.1
        D:8 |    1355 |       0 |   0.0 |      14 |       0 |   0.0
        D:9 |    3007 |    2350 |  43.9 |      22 |      11 |  33.3
       D:10 |    2971 |    3046 |  50.6 |      16 |      41 |  71.9
       D:11 |    7221 |    1630 |  18.4 |      15 |       3 |  16.7
       D:12 |    7203 |    2848 |  28.3 |      25 |       7 |  21.9
       D:13 |   10528 |       0 |   0.0 |      22 |       0 |   0.0
       D:14 |   13113 |    2415 |  15.6 |      23 |       3 |  11.5
     Lair:1 |    2710 |     306 |  10.1 |      13 |       2 |  13.3
     Lair:2 |    6379 |       0 |   0.0 |      19 |       0 |   0.0
     Lair:3 |    3437 |    5450 |  61.3 |      13 |      17 |  56.7
     Lair:4 |    6923 |    2319 |  25.1 |      23 |       4 |  14.8
     Lair:5 |   16852 |   11274 |  40.1 |      41 |      28 |  40.6
    Swamp:1 |    6100 |    1408 |  18.8 |      11 |       1 |   8.3
    Swamp:2 |    3459 |    6177 |  64.1 |      11 |       8 |  42.1
      Orc:1 |    1450 |     903 |  38.4 |      22 |       3 |  12.0
      Orc:2 |     933 |    7146 |  88.5 |      22 |      33 |  60.0
     Bailey |       0 |    1779 | 100.0 |       0 |      31 | 100.0
            +---------+---------+-------+---------+---------+-------
